 Dungeon Crawl Stone Soup version 0.25-a0-1009-gac5e0fa (webtiles) character file.

Game seed: 2660753444867545163, levelgen mode: deterministic

524 Illumine the Digger (level 7, -1/40 HPs)
             Began as a Gargoyle Earth Elementalist on May 11, 2020.
             Slain by an orc
             ... wielding a +0 war axe
              (3 damage)
             ... on level 4 of the Dungeon.
             The game lasted 00:09:35 (5318 turns).

Illumine the Digger (Gargoyle Earth Elementalist)   Turns: 5318, Time: 00:09:36

Health: -1/40      AC:  8    Str: 11    XL:     7   Next: 22%
Magic:  9/12       EV: 12    Int: 18    God:
Gold:   178        SH:  0    Dex: 10    Spells: 3/12 levels left

rFire    . . .     SeeInvis +   x - +0 flail
rCold    . . .     Gourm    .   (no shield)
rNeg     + . .     Faith    .   c - +0 robe
rPois    ∞         Spirit   .   (no helmet)
rElec    +         Reflect  .   (no cloak)
rCorr    .         Harm     .   (no gloves)
MR       .....                  y - +1 pair of boots
Stlth    ++........             (no amulet)
HPRegen  0.13/turn              e - ring of see invisible
MPRegen  0.13/turn              (no ring)

@: no status effects
A: negative energy resistance 1, electricity resistance, unbreathing,
petrification resistance, rot immunity, AC +4
a: no special abilities


You were on level 4 of the Dungeon.
You were not hungry.

You visited 1 branch of the dungeon, and saw 5 of its levels.

You collected 178 gold pieces.

Inventory:

Hand Weapons
 a - a +0 dagger
 h - a +0 club
 s - a +4 short sword
 v - a +1 mace of protection
 x - a +0 flail (weapon)
Missiles
 b - 30 stones (quivered)
 u - 24 poisoned darts
Armour
 c - a +0 robe (worn)
 q - a +0 buckler
 y - a +1 pair of boots (worn)
Jewellery
 e - a ring of see invisible (left hand)
 p - an uncursed amulet of magic regeneration {unknown}
Scrolls
 f - a scroll of immolation {unknown}
 g - 2 scrolls of teleportation
 i - 2 scrolls of enchant weapon {unknown}
 j - a scroll of remove curse {unknown}
 k - 2 scrolls of magic mapping {unknown}
 m - a scroll of blinking {unknown}
 o - 2 scrolls of random uselessness {unknown}
 r - 2 scrolls of identify {unknown}
 t - a scroll of amnesia {unknown}
 w - a scroll of enchant armour {unknown}
Potions
 l - a potion of haste
 n - a potion of might {unknown}
Comestibles
 d - 6 rations


   Skills:
 + Level 2.5 Fighting
 + Level 1.3 Maces & Flails
 + Level 3.0 Dodging
 - Level 2.1 Stealth
 + Level 2.2 Shields
 + Level 3.4 Spellcasting
 + Level 2.3 Conjurations
 + Level 1.1 Translocations
   Level 0.7 Transmutations
 + Level 0.3 Fire Magic
 + Level 5.2 Earth Magic


You had 3 spell levels left.
You knew the following spells:

 Your Spells              Type           Power        Failure   Level  Hunger
a - Sandblast             Erth           ###...       1%          1    None
b - Stone Arrow           Conj/Erth      ###...       10%         3    ###....
c - Blink                 Tloc           N/A          16%         2    ##.....
d - Conjure Flame         Conj/Fire      #.......     26%         3    ###....

Your spell library contained the following spells:

 Spells                   Type           Power        Failure   Level  Hunger
 Magic Dart               Conj           ##..         6%          1    None
 Passwall                 Tmut/Erth      ##......     7%          2    ##.....
 Call Imp                 Summ           #.......     24%         2    ##.....
 Slow                     Hex            #.......     24%         2    ##.....
 Mephitic Cloud           Conj/Pois/Air  #.......     34%         3    ###....
 Petrify                  Tmut/Erth      ##......     43%         4    ####...
 Lee's Rapid Deconstruct  Erth           ###.......   45%         5    ######.


Dungeon Overview and Level Annotations

Branches:
Dungeon (5/15)
 Temple: D:4-7

Altars:
Trog

Shops:
D:4 [

Annotations:
D:5 Grinder


Innate Abilities, Weirdness & Mutations

You are resistant to torment.
Your stone body is resilient. (AC +4)
You are immune to poison.
You resist negative energy. (rN+)
You are resistant to electric shocks. (rElec)
You can survive without breathing.
You are immune to petrification.
You are immune to rotting.


Message History

Aiming: Sandblast (safe; 1% risk of failure)
Press: ? - help, Shift-Dir - straight line, f/p - orc priest
Aim: an orc priest, wielding a +0 club (heavily wounded)
The blast of sand hits the orc priest.
The orc priest is heavily wounded.
b - 31 stones The orc hits you but does no damage.
The orc priest hits you with a +0 club.
* * * LOW HITPOINT WARNING * * *
The orc completely misses you. The slave closely misses you.
Unknown command.
Casting: Sandblast (safe; 1% risk of failure)
Confirm with . or Enter, or press ? or * to list all spells.
Aiming: Sandblast (safe; 1% risk of failure)
Press: ? - help, Shift-Dir - straight line, f/p - orc priest
Aim: an orc priest, wielding a +0 club (heavily wounded)
The blast of sand hits the orc priest!
You kill the orc priest!
b - 30 stones The orc closely misses you.
The orc hits you with a +0 war axe.
You die...

......##
#...........##..##
......#
#...........###..#
.....##
#...........# ##..
>....# #...........#
##. ....##
#...........# ##
...## ##..........#
# ...#
##...........####
####
##oop.....#......###
#.)@##########......
#.### ####### ### #


You could see a slave and 2 orcs.

Vanquished Creatures
  A sky beast (D:3)
  A scorpion (D:4)
  A howler monkey (D:4)
  A crimson imp (D:4)
  An orc priest (D:4)
  An iguana (D:4)
  3 worker ants (D:4)
  3 gnolls (D:4)
  8 adders
  2 oozes
  A worm (D:2)
  A dart slug (D:3)
  4 leopard geckos
  7 orcs
  9 bats
  A giant cockroach (D:1)
  3 goblins
  6 hobgoblins
  2 jackals (D:2)
  2 quokkas
  5 frilled lizards
  10 kobolds
  4 rats
77 creatures vanquished.

Notes
Turn   | Place    | Note
-------+----------+-------------------------------------------
     0 | D:1      | Illumine the Gargoyle Earth Elementalist began the quest
                  | for the Orb.
     0 | D:1      | Reached XP level 1. HP: 10/10 MP: 3/3
   198 | D:1      | Reached XP level 2. HP: 15/15 MP: 3/5
   825 | D:1      | Reached skill level 4 in Earth Magic
  1365 | D:2      | Reached XP level 3. HP: 17/20 MP: 1/6
  1957 | D:2      | Found a bloodstained altar of Trog.
  2046 | D:2      | Reached skill level 1 in Fighting
  2389 | D:2      | Reached XP level 4. HP: 21/25 MP: 4/7
  2422 | D:2      | Learned a level 3 spell: Stone Arrow
  2545 | D:3      | Noticed a sky beast
  2622 | D:3      | Killed a sky beast
  2622 | D:3      | Reached skill level 1 in Shields
  2622 | D:3      | Reached skill level 1 in Conjurations
  2622 | D:3      | Reached XP level 5. HP: 10/29 MP: 0/9
  3143 | D:3      | Upgraded the game from 0.25-a0-1007-g10a8c3c to
                  | 0.25-a0-1009-gac5e0fa
  3742 | D:4      | Found Seziz's Antique Armour Shop.
  3800 | D:4      | Noticed Edmund
  3893 | D:4      | Learned a level 2 spell: Blink
  4014 | D:4      | Reached XP level 6. HP: 35/35 MP: 7/10
  4344 | D:4      | Noticed a phantom
  4468 | D:4      | Reached skill level 5 in Earth Magic
  4614 | D:4      | Reached skill level 1 in Maces & Flails
  5002 | D:5      | Entered Level 5 of the Dungeon
  5020 | D:5      | Learned a level 3 spell: Conjure Flame
  5052 | D:4      | Reached skill level 1 in Translocations
  5052 | D:4      | Reached XP level 7. HP: 37/40 MP: 10/12
  5268 | D:5      | Noticed Grinder
  5270 | D:5      | Paralysed by Grinder for 4 turns
  5317 | D:4      | HP: 2/40 [orc priest/+0 club (6)]
  5318 | D:4      | Slain by an orc

Illustrated notes

Levels and vault maps discovered:
D:1:      nzn_arrival_water_spiral, layout_basic
D:2:      layout_loops_ring, corexii_hall_statues_l, mrwooster_statue_mirror,
          trog_book
D:3:      layout_basic
D:4:      layout_cave_pods, first_ration, serial_shops, nicolae_shop_crystal,
          uniq_edmund
D:5:      black_bear_nest_2, layout_basic, overflow_temple_1_default,
          serial_shops, shop, nicolae_shop_statue_plus, shop, shop, uniq_pikel,
          uniq_duvessa, uniq_grinder

Skill      XL: |  1  2  3  4  5  6  7 |
---------------+----------------------+-----
Earth Magic    | 4 5 |  5.2
Dodging        | 2 3 |  3.0
Fighting       | 1 2 |  2.5
Shields        | 1 2 |  2.2
Conjurations   | 1 2 |  2.3
Spellcasting   | 3 |  3.4
Maces & Flails | 1 |  1.3
Translocations | 1 |  1.1
Stealth        | |  2.1
Transmutations | |  0.7
Fire Magic     | |  0.3

Action                   |  1- 3 |  4- 6 |  7- 9 || total
-------------------------+-------+-------+-------++-------
Melee: Dagger            |    16 |       |       ||    16
       Unarmed           |     1 |       |       ||     1
       Club              |   109 |    13 |       ||   122
       Short sword       |       |    24 |       ||    24
       Mace              |       |    15 |       ||    15
       Flail             |       |    45 |    11 ||    56
 Cast: Sandblast         |    22 |    50 |     4 ||    76
  Use: Scroll            |     1 |       |       ||     1
 Stab: Sleeping          |     2 |     2 |       ||     4
  Eat: Chunk             |     4 |     6 |     1 ||    11
       Ration            |       |     1 |       ||     1
Armor: Robe              |    74 |    37 |     5 ||   116
Dodge: Dodged            |   151 |    90 |    17 ||   258

Table legend:
 A = Non-vault XP
 B = Vault XP
 C = Vault XP percentage of total XP
 D = Non-vault monster count
 E = Vault monster count
 F = Vault count percentage of total count
                 A         B        C        D         E       F
            +---------+---------+-------+---------+---------+-------
      Total |     749 |       0 |   0.0 |      77 |       0 |   0.0
            +---------+---------+-------+---------+---------+-------
        D:1 |      25 |       0 |   0.0 |      12 |       0 |   0.0
        D:2 |      66 |       0 |   0.0 |      24 |       0 |   0.0
        D:3 |     215 |       0 |   0.0 |      23 |       0 |   0.0
        D:4 |     430 |       0 |   0.0 |      17 |       0 |   0.0
        D:5 |      13 |       0 |   0.0 |       1 |       0 |   0.0
            +---------+---------+-------+---------+---------+-------
